 Dungeon Crawl Stone Soup version 0.27.1-3-gb3d3a73c9e (webtiles) character file.

Game seed: 7197945304981310085

1201 pkoi the Blocker (level 8, -15/64 HPs)
             Began as a Minotaur Fighter on Oct 18, 2021.
             Demolished by Blork the orc (22 damage)
             ... on level 6 of the Dungeon.
             The game lasted 00:07:09 (8075 turns).

pkoi the Blocker (Minotaur Fighter)                 Turns: 8075, Time: 00:07:09

Health: -15/64     AC:  7    Str: 23    XL:     8   Next: 21%
Magic:  0/7        EV:  9    Int:  5    God:
Gold:   254        SH: 11    Dex: 10    Spells: 7/7 levels left

rFire    . . .     SeeInvis .   a - +1 long sword
rCold    . . .     Faith    .   c - +0 kite shield
rNeg     + . .     Spirit   +   f - +2 ring mail {rN+}
rPois    .         Reflect  .   (helmet restricted)
rElec    .         Harm     .   (no cloak)
rCorr    .         Rampage  .   (no gloves)
Will     .....                  (no boots)
Stlth    ..........             k - amulet of guardian spirit
HPRegen  0.20/turn              (no ring)
MPRegen  0.10/turn              (no ring)

@: no status effects
A: horns 2, retaliatory headbutt
a: no special abilities


You were on level 6 of the Dungeon.
You visited 1 branch of the dungeon, and saw 6 of its levels.
You also visited: Sewer.

You collected 254 gold pieces.

Inventory:

Hand Weapons
 a - a +1 long sword (weapon)
 b - a +1 hunting sling of freezing
Missiles
 h - 39 stones (quivered)
Armour
 c - a +0 kite shield (worn)
 e - a +0 scale mail
 f - a +2 ring mail of positive energy (worn)
Jewellery
 k - an amulet of guardian spirit (around neck)
Scrolls
 i - 2 scrolls of teleportation
 p - a scroll of identify
 r - a scroll of noise {unknown}
Potions
 d - a potion of might
 g - a potion of heal wounds
 l - a potion of invisibility
 m - 2 potions of curing
 q - a potion of haste {unknown}
Miscellaneous
 j - a phial of floods


   Skills:
 - Level 3.6 Fighting
 + Level 8.5 Long Blades
 - Level 1.6 Slings
 - Level 3.6 Armour
 + Level 9.0 Shields


You had 7 spell levels left.
You didn't know any spells.
Your spell library was empty.

Dungeon Overview and Level Annotations

Branches:
Dungeon (6/15)              Sewer (visited)
 Temple: D:4-7

Altars:
Elyvilon
Kikubaaqudgha
Beogh

Annotations:
D:5 3 runed translucent doors, SquidGame's ghost, novice TeBe
D:6 Blork the orc; Prince Ribbit


Innate Abilities, Weirdness & Mutations

You have a pair of horns on your head.
You reflexively headbutt those who attack you in melee.


Message History

Blork the orc miscasts a cantrip.
There are monsters nearby!
There are monsters nearby!
There are monsters nearby!
Blork the orc points at you and mumbles some strange words.
The puff of flame hits you.
Blork the orc mumbles some strange words.
Blork the orc seems to speed up.
Prince Ribbit blinks!
Prince Ribbit blinks!
You block Prince Ribbit's attack.
You hit Prince Ribbit.
Prince Ribbit is lightly wounded.
Prince Ribbit hits you! x2
You slash Prince Ribbit! Your headbutt misses Prince Ribbit.
Prince Ribbit is moderately wounded.
Blork the orc screams, "I'll break your arms!"
Prince Ribbit closely misses you. Blork the orc closely misses you.
You hit Prince Ribbit. Your headbutt misses Prince Ribbit.
Prince Ribbit is heavily wounded.
Prince Ribbit hits you.
Blork the orc drinks a potion.
Blork the orc seems to grow stronger.
You block Prince Ribbit's attack.
Blork the orc hits you from afar with a +0 halberd.
You slash Prince Ribbit! Your headbutt misses Prince Ribbit.
Prince Ribbit is severely wounded.
Prince Ribbit mumbles some strange words.
Prince Ribbit looks slightly unstable.
Blork the orc hits you from afar with a +0 halberd!
* * * LOW HITPOINT WARNING * * *
Unknown command.
Prince Ribbit hits you!
* * * LOW HITPOINT WARNING * * *
Blork the orc hits you from afar with a +0 halberd!
* * * LOW HITPOINT WARNING * * *
Prince Ribbit disappears!
Blork the orc points at you and mumbles some strange words.
You block the puff of flame.
Blork the orc begins to cast a cantrip, but forgets the words!
Blork the orc hits you from afar with a +0 halberd!!
You die...

##...................#
#.....#####..........#
#.....#??=#..........#
#.....#:($#..........#
##....#($)#..........#
##....#####..####.....
#.....o......... .....
#.....[.........
#......#@.......
#......#........#
#......#........#
#....(.#........#
############...##...#
#...###...##'####...#
#...................#
#####...................#
........................#


You could see Blork the orc (fast, strong).

Vanquished Creatures
  Sigmund (D:6)
  2 black bears
  3 ogres
  A scorpion (D:3)
  2 bullfrog zombies (D:5)
  A hound (D:4)
  A jelly (D:5)
  2 orc priests
  An iguana (D:5)
  3 orc wizards
  A hound zombie (D:5)
  8 adders
  5 river rats (D:3)
  An adder skeleton (D:4)
  3 worms
  2 dart slugs
  13 orcs
  13 ball pythons
  16 endoplasms
  8 giant cockroaches
  12 goblins
  5 hobgoblins
  20 quokkas
  4 bats
  6 frilled lizards
  4 kobolds
  6 rats
144 creatures vanquished.

Vanquished Creatures (others)
  A plant (D:2)
1 creature vanquished.

Grand Total: 145 creatures vanquished

Notes
Turn   | Place    | Note
-------+----------+-------------------------------------------
     0 | D:1      | pkoi the Minotaur Fighter began the quest for the Orb.
     0 | D:1      | Reached XP level 1. HP: 19/19 MP: 0/0
    60 | D:1      | Reached skill level 4 in Shields
    60 | D:1      | Reached XP level 2. HP: 26/26 MP: 1/1
   483 | D:2      | Reached XP level 3. HP: 15/31 MP: 2/2
  1982 | D:3      | Reached XP level 4. HP: 36/39 MP: 3/3
  1986 | D:3      | Reached skill level 5 in Shields
  2000 | D:3      | Reached skill level 1 in Slings
  2134 | D:3      | Found a glowing drain.
  2145 | Sewer    | Entered a sewer
  2962 | Sewer    | Reached XP level 5. HP: 37/45 MP: 4/4
  3796 | D:3      | Reached skill level 5 in Long Blades
  4009 | D:3      | Found an ancient bone altar of Kikubaaqudgha.
  4468 | D:3      | Found a faded altar of an unknown god.
  4696 | D:3      | Reached skill level 6 in Shields
  4696 | D:3      | Reached XP level 6. HP: 30/51 MP: 5/5
  5047 | D:4      | You fall into a shaft and drop 1 floor!
  5047 | D:5      | Entered Level 5 of the Dungeon
  5118 | D:5      | Found a white marble altar of Elyvilon.
  5398 | D:5      | Reached skill level 7 in Shields
  5398 | D:5      | Reached XP level 7. HP: 51/57 MP: 4/6
  5499 | D:5      | Found a runed translucent gate.
  5499 | D:5      | Noticed SquidGame's ghost (novice TeBe)
  5500 | D:5      | Found a runed translucent gate.
  5500 | D:5      | Identified the +8 dagger of Awkwardness {flame, Str+3}
  5501 | D:5      | Found a runed translucent gate.
  5993 | D:5      | HP: 1/57 [ogre (25)]
  6765 | D:4      | Reached skill level 8 in Shields
  7091 | D:4      | Reached XP level 8. HP: 15/64 MP: 2/7
  7970 | D:6      | Noticed Sigmund
  7984 | D:6      | Killed Sigmund
  7985 | D:6      | Reached skill level 9 in Shields
  8054 | D:6      | Noticed Prince Ribbit
  8054 | D:6      | Noticed Blork the orc
  8075 | D:6      | Demolished by Blork the orc

Illustrated notes

Levels and vault maps discovered:
D:1:      onia_arrival_mini_spirals, layout_rooms
D:2:      cheibrodos_old_hovel, layout_basic
D:3:      layout_basic, mainiacjoe_overflow_alcove_4, lightli_sewer_entry_pipes,
          ebering_ecumenical_altar_petrified, minivault_27
D:4:      layout_cave_pools
D:5:      layout_loops_ring, general_overflow_altar, biasface_ghost_orc_armoury,
          minmay_misc_feat_iff
D:6:      layout_gridville, nicolae_overflow_quartered_altars,
          minmay_temple_entry_large_hall, chequers_serial_rivers_micro_e,
          due_unseen_surprise, uniq_prince_ribbit1, uniq_blork_the_orc,
          uniq_sigmund, uniq_maggie

Skill      XL: |  1  2  3  4  5  6  7  8 |
---------------+-------------------------+-----
Shields        | 4 5 6 7 8 9 |  9.0
Long Blades    | 3 4 5 6 8 |  8.5
Slings         | 1 |  1.6
Fighting       | |  3.6
Armour         | |  3.6

Action                   |  1- 3 |  4- 6 |  7- 9 || total
-------------------------+-------+-------+-------++-------
Melee: Long sword        |    72 |   269 |    90 ||   431
       Headbutt          |    12 |    24 |    19 ||    55
 Fire: Hunting sling     |     9 |       |    13 ||    22
Throw: Stone             |       |       |     1 ||     1
  Use: Scroll            |     5 |     2 |     2 ||     9
       Potion            |     2 |     1 |     2 ||     5
Armor: Scale mail        |     8 |       |       ||     8
       Ring mail         |    13 |    71 |    28 ||   112
       Skin              |       |       |     4 ||     4
Dodge: Dodged            |    33 |    78 |    38 ||   149
Block: Kite shield       |    33 |   148 |    51 ||   232
       Rpst.: Long sword |     7 |    24 |     8 ||    39
